 Dungeon Crawl Stone Soup version 0.25-a0-601-g772be7b (webtiles) character file.

Game seed: 10039834315730886514, levelgen mode: deterministic

3649 Malacante the Carver (level 9, -2/58 HPs)
             Began as a Weed Elf Neckbeard on Dec 31, 2019.
             Was a Believer of Wu Jian.
             Shot with a sling bullet by Joseph (15 damage)
             ... on level 8 of the Dungeon on Jan 1, 2020.
             The game lasted 00:39:16 (10777 turns).

Malacante the Carver (Weed Elf Neckbeard)          Turns: 10777, Time: 00:39:16

Health: -2/58      AC:  8    Str: 14    XL:     9   Next: 88%
Magic:  12/12      EV: 10    Int: 21    God:    Wu Jian [**....]
Gold:   380        SH:  0    Dex: 16    Spells: 7/10 levels left Game modifiers: x1.5 XP

rFire    . . .     SeeInvis .   a - -4 katana (drain)
rCold    . . .     Gourm    +   (no shield)
rNeg     . . .     Faith    .   i - +0 scale mail
rPois    .         Spirit   .   b - +0 hat
rElec    .         Reflect  .   c - +0 cloak
rCorr    .         Harm     .   (no gloves)
MR       .....                  (no boots)
Stlth    ..........             z - amulet of the gourmand
HPRegen  0.19/turn              h - +6 ring of intelligence
MPRegen  0.13/turn              d - +4 ring of dexterity

@: no status effects
A: fast metabolism 1, cloud trail
a: Wall Jump, Renounce Religion


You were on level 8 of the Dungeon.
You worshipped Wu Jian.
Wu Jian was pleased with you.
You were not hungry.

You visited 1 branch of the dungeon, and saw 8 of its levels.

You collected 380 gold pieces.

Inventory:

Hand Weapons
 a - a -4 katana of draining (weapon)
Missiles
 g - 113 stones (quivered)
Armour
 b - a +0 hat (worn)
 c - a +0 cloak (worn)
 i - a +0 scale mail (worn)
Jewellery
 d - a +4 ring of dexterity (right hand)
 h - a +6 ring of intelligence (left hand)
 z - an amulet of the gourmand (around neck)
 A - an uncursed ring of stealth
Wands
 y - a wand of paralysis (9)
 C - a wand of random effects (5)
Scrolls
 e - 2 scrolls of blinking
 k - 3 scrolls of teleportation
 l - a scroll of magic mapping
 v - 2 scrolls of identify
 x - 2 scrolls of remove curse
 B - a scroll of amnesia {unknown}
Potions
 j - 6 potions of curing
 m - a potion of might
 n - a potion of mutation
 o - 2 potions of lignification
 p - a potion of cancellation
 q - 2 potions of flight
 r - 3 potions of brilliance
 s - a potion of experience {unknown}
 t - a potion of magic {unknown}
 u - a potion of degeneration {unknown}
 w - a potion of agility {unknown}
Comestibles
 f - 14 rations


   Skills:
 - Level 4.0 Fighting
 - Level 10.4 Long Blades
 + Level 3.8 Armour
 - Level 1.7 Dodging
 - Level 1.3 Spellcasting
 - Level 2.6 Necromancy
 - Level 4.1 Translocations


You had 7 spell levels left.
You knew the following spells:

 Your Spells              Type           Power        Failure   Level  Hunger
a - Blink                 Tloc           N/A          17%         2    ###....
b - Animate Skeleton      Necr           N/A          21%         1    ##.....

Your spell library contained the following spells:

 Spells                   Type           Power        Failure   Level  Hunger
 Pain                     Necr           ##..         21%         1    ##.....
 Vampiric Draining        Necr           ##........   52%         3    ####...
 Regeneration             Chrm/Necr      #.........   71%         3    ####...
 Animate Dead             Necr           N/A          90%         4    #####..


Dungeon Overview and Level Annotations

Branches:
Dungeon (8/15)             Temple (0/1) D:5
   Lair: D:8-11

Altars:
Cheibriados
Elyvilon
Fedhas
Gozag
Makhleb
Nemelex Xobeh
Okawaru
Ru
Trog
Wu Jian
Xom
Yredelemnul
The Shining One

Shops:
D:4 (

Annotations:
D:6 5 runed translucent doors
D:8 Joseph


Innate Abilities, Weirdness & Mutations

You have a fast metabolism.
You trail harmless clouds wherever you go.


Message History

You lunge at Psyche.
The helpless Psyche fails to defend herself.
You slice Psyche!! You drain Psyche.
Psyche is almost dead.
The helpless Psyche fails to defend herself.
You slash Psyche!
You kill Psyche!
The Council accepts your kill.
Your Armour skill increases to level 3!
Joseph shoots a sling bullet.
The sling bullet hits you! The sling bullet freezes you.
Joseph shoots a sling bullet.
The sling bullet hits you. The sling bullet freezes you.
You see here a sling bullet.
Joseph shoots a sling bullet.
The sling bullet hits you!
* * * LOW HITPOINT WARNING * * *
The sling bullet freezes you.
* * * LOW HITPOINT WARNING * * *
Joseph shoots a sling bullet.
The sling bullet hits you!
You die...

#.#.###....§...§....§[...
#.........###.....##.....
###.####..# ##....##..##.
#. ##..####....##..##.
+.. +...<............ .
#...#.................
##...#...####..#.###.##.
.................. .. .
###.@.# ..#.#.
####.☼.##### #. ..
#...§........ +....
#.##§..##.... #...# #
#§..# ... ###...# #.
#...# #.#.#......
+####.##§..#####
#.#......
.......#@.......
#.#......
.......#.#.#####
#>#......


You could see Joseph.

Vanquished Creatures
  Psyche (D:8)
  A hippogriff (D:8)
  A wyvern (D:8)
  2 ice beasts
  A necrophage (D:6)
  4 ogres (D:4)
  2 bullfrogs
  A scorpion (D:6)
  2 howler monkeys
  5 crimson imps
  A quasit (D:7)
  2 jellies (D:8)
  A bullfrog skeleton (D:8)
  A hound (D:4)
  3 orc priests
  5 orc wizards
  5 worker ants
  A hound zombie (D:5)
  A hound skeleton (D:8)
  8 gnolls
  7 adders
  3 worms
  A dart slug (D:3)
  7 leopard geckos
  17 orcs
  6 giant cockroaches
  6 goblins
  3 hobgoblins
  9 kobolds
  2 quokkas (D:5)
  2 ball pythons
  5 bats
  4 frilled lizards
  A giant cockroach zombie (D:5)
  9 rats
130 creatures vanquished.

Notes
Turn   | Place    | Note
-------+----------+-------------------------------------------
     0 | D:1      | Malacante the Weed Elf Neckbeard began the quest for the
                  | Orb.
     0 | D:1      | Reached XP level 1. HP: 14/14 MP: 3/3
   262 | D:1      | Reached XP level 2. HP: 15/19 MP: 5/5
  1155 | D:1      | Reached skill level 4 in Long Blades
  1155 | D:1      | Reached XP level 3. HP: 18/24 MP: 6/6
  2370 | D:2      | Reached XP level 4. HP: 12/29 MP: 7/7
  2925 | D:2      | Reached skill level 5 in Long Blades
  2925 | D:2      | Reached XP level 5. HP: 19/34 MP: 8/8
  3710 | D:3      | Found a shimmering altar of Xom.
  4251 | D:3      | Reached skill level 6 in Long Blades
  4390 | D:3      | Found an opulent altar of Gozag.
  4395 | D:3      | Found a bloodstained altar of Trog.
  4743 | D:3      | Found an ornate altar of the Wu Jian Council.
  4743 | D:3      | Found a snail-covered altar of Cheibriados.
  4743 | D:3      | Found a white marble altar of Elyvilon.
  4743 | D:3      | Found a sparkling altar of Nemelex Xobeh.
  4743 | D:3      | Found a blossoming altar of Fedhas.
  4744 | D:3      | Found a burning altar of Makhleb.
  4762 | D:3      | Reached XP level 6. HP: 34/39 MP: 9/9
  4763 | D:3      | Found a basalt altar of Yredelemnul.
  4765 | D:3      | Found an iron altar of Okawaru.
  4770 | D:3      | Became a worshipper of the Wu Jian Council
  5496 | D:4      | Reached XP level 7. HP: 39/44 MP: 10/10
  5715 | D:4      | Found a sacrificial altar of Ru.
  5727 | D:4      | Found a glowing golden altar of the Shining One.
  6615 | D:4      | Found Tepp's Antique Weapon Shoppe.
  6719 | D:5      | Entered Level 5 of the Dungeon
  7045 | D:5      | Found a staircase to the Ecumenical Temple.
  7062 | D:5      | Reached * piety under Wu Jian
  7395 | D:5      | You fall into a shaft and drop 3 floors!
  7512 | D:8      | Noticed a hippogriff
  7520 | D:8      | Killed a hippogriff
  7520 | D:8      | Reached skill level 7 in Long Blades
  7520 | D:8      | Reached XP level 8. HP: 49/54 MP: 11/11
  7573 | D:8      | Reached skill level 8 in Long Blades
  7967 | D:7      | Found a glowing golden altar of the Shining One.
  8118 | D:6      | Found a runed translucent gate.
  8121 | D:6      | Found a runed translucent gate.
  8121 | D:6      | Found a runed translucent gate.
  8129 | D:6      | Found a runed translucent door.
  8139 | D:6      | Found a runed translucent door.
  8171 | D:6      | Reached skill level 9 in Long Blades
  8268 | D:6      | Reached XP level 9. HP: 49/58 MP: 12/12
  8623 | D:4      | Reached skill level 10 in Long Blades
  9249 | D:6      | Learned a level 1 spell: Animate Skeleton
  9456 | D:6      | Reached ** piety under Wu Jian
 10015 | D:7      | Reached skill level 1 in Armour
 10755 | D:8      | Noticed Psyche
 10756 | D:8      | Noticed Joseph
 10766 | D:8      | Killed Psyche
 10777 | D:8      | Shot with a sling bullet by Joseph

Levels and vault maps discovered:
D:1:      minmay_arrival_semitransparent, layout_loops_ring,
          wad_floor_pattern_untrapped, roderic_roman_lattice
D:2:      layout_basic, chequers_serial_rivers_micro_a, minmay_octomino_c4
D:3:      layout_basic, minitemple, led_xom_imps
D:4:      layout_basic, chequers_temple_overflow_statue_of_worship,
          serial_shops, shop, first_ration, serial_co_window_serial,
          co_window_paths_a, co_window_paths_a, co_window_paths_a,
          co_window_corner_a, co_window_cross_1, co_window_corner_a,
          co_window_paths_a, co_window_of_opportunity_a, co_window_corner_a,
          co_window_unsneaky_path_d, co_window_of_opportunity_b,
          co_window_unsneaky_path_b, co_window_paths_c, co_window_corner_b,
          co_window_corner_b, glass_columns_b, minmay_ruptured
D:5:      layout_loops_cross, minmay_temple_entry_large_hall, st_stairs_14
D:6:      layout_basic, hangedman_decor_riveting,
          minmay_guarded_unrand_staff_of_olgreb
D:7:      layout_cave_pods, tso_metal_star
D:8:      layout_basic, minivault_27, hangedman_little_slice_of_home,
          uniq_psyche, uniq_joseph

Skill      XL: |  1  2  3  4  5  6  7  8  9 |
---------------+----------------------------+-----
Long Blades    | 4 5 6 7 9 10 | 10.4
Translocations | 3 4 |  4.1
Fighting       | 4 |  4.0
Necromancy     | 2 |  2.6
Armour         | 3 |  3.8
Dodging        | |  1.7
Spellcasting   | |  1.3

Action                   |  1- 3 |  4- 6 |  7- 9 || total
-------------------------+-------+-------+-------++-------
Melee: Katana            |   130 |   193 |   298 ||   621
Throw: Stone             |       |     2 |       ||     2
 Cast: Blink             |       |     4 |     1 ||     5
Invok: Lunge             |       |     9 |    32 ||    41
       Whirlwind         |       |       |     4 ||     4
Evoke: Wand              |       |       |     1 ||     1
  Use: Potion            |     2 |       |       ||     2
       Scroll            |       |     9 |     5 ||    14
 Stab: Sleeping          |     1 |       |       ||     1
       Paralysed         |       |       |     2 ||     2
  Eat: Ration            |     1 |     1 |     2 ||     4
       Chunk             |     3 |    10 |    16 ||    29
Armor: Robe              |     9 |       |       ||     9
       Leather armour    |    25 |    33 |       ||    58
       Scale mail        |       |    14 |    97 ||   111
Dodge: Dodged            |    62 |    57 |    82 ||   201
       Rpst.: Katana     |    20 |    20 |    19 ||    59

Table legend:
 A = Non-vault XP
 B = Vault XP
 C = Vault XP percentage of total XP
 D = Non-vault monster count
 E = Vault monster count
 F = Vault count percentage of total count
                 A         B        C        D         E       F
            +---------+---------+-------+---------+---------+-------
      Total |    3704 |    1509 |  28.9 |     116 |      14 |  10.8
            +---------+---------+-------+---------+---------+-------
        D:1 |      42 |       3 |   6.7 |      19 |       1 |   5.0
        D:2 |      74 |      93 |  55.7 |      19 |       5 |  20.8
        D:3 |     174 |     222 |  56.1 |      19 |       3 |  13.6
        D:4 |     598 |     437 |  42.2 |      11 |       3 |  21.4
        D:5 |     256 |      82 |  24.3 |      11 |       1 |   8.3
        D:6 |     696 |       0 |   0.0 |       8 |       0 |   0.0
        D:7 |     488 |       0 |   0.0 |      13 |       0 |   0.0
        D:8 |    1376 |     672 |  32.8 |      16 |       1 |   5.9
            +---------+---------+-------+---------+---------+-------
